Map: Frozen Temple

Players

Arriesgado - Winner!

  • Race: Protoss Protoss
  • League: Gold

capac

  • Race: Terran Terran
  • League: Gold

VOD

Have the link to the VOD?

Description

Time

  • Played on: May 15, 2016, 3:50 a.m.
  • Length: 9:53
Show
View Real Time Build Order
Export as new Build Order

Arriesgado Protoss - Winner!

Build Orders: Oracle Opening 

Get SALT Encoding   

  12  0:01  Probe (Chrono Boost)  
  13  0:12  Probe (Chrono Boost)  
  14  0:20  Pylon  
  14  0:22  Probe (Chrono Boost)  
  15  0:29  Assimilator  
  15  0:38  Probe (Chrono Boost)  
  16  0:47  Gateway  
  17  0:50  Probe (Chrono Boost)  
  17  1:00  Probe (Chrono Boost)  
  18  1:06  Assimilator  
  18  1:11  Probe (Chrono Boost)  
  19  1:21  Probe (Chrono Boost)  
  19  1:22  Pylon  
  20  1:32  Probe (Chrono Boost)  
  21  1:33  Pylon  
  21  1:39  Cybernetics Core  
  21  1:48  Pylon  
  21  1:53  Probe (Chrono Boost)  
  22  2:04  Probe (Chrono Boost)  
  23  2:16  Stargate  
  23  2:28  Probe (Chrono Boost)  
  24  2:34  Warp Gate (Chrono Boost)  
  24  2:36  Adept  
  26  2:40  Mothership Core  
  26  2:41  Forge  
  27  3:01  Oracle (Chrono Boost)  
  27  3:03  Gateway  
  30  3:20  Zealot  
  30  3:23  Probe  
  33  3:32  Oracle (Chrono Boost)  
  36  3:35  Probe  
  37  3:47  Probe, Adept  
  40  4:07  Gateway  
  40  4:10  Gateway  
  40  4:14  Probe, Adept  
  40  4:35  Photon Cannon  
  40  4:42  Nexus  
  40  5:01  Adept x2  
  44  5:20  Probe  
  45  5:25  Adept  
  47  5:32  Pylon x2  
  47  5:33  Pylon  
  47  5:40  Pylon  
  47  5:50  Probe  
  47  5:53  Probe  
  49  6:02  Probe  
  49  6:03  Probe  
  50  6:06  Adept, Pylon  
  50  6:07  Adept x2  
  50  6:11  Stalker  
  59  6:14  Probe  
  57  6:29  Protoss Ground Weapons Level 1  
  57  6:35  Stalker, Gateway  
  57  6:37  Gateway  
  59  6:51  Stalker x3  
  65  7:00  Probe  
  66  7:01  Probe  
  66  7:06  Stalker  
  69  7:10  Probe  
  69  7:15  Photon Cannon  
  70  7:19  Adept  
  70  7:20  Adept  
  74  7:23  Adept  
  68  8:04  Oracle (Chrono Boost)  
  68  8:05  Stalker x3  
  73  8:06  Stalker  
  77  8:28  Stalker  
  77  8:29  Stalker  
  77  8:32  Probe  
  77  8:33  Probe  
  83  8:36  Assimilator  
  83  8:37  Assimilator  
  83  8:40  Stalker x3  
  83  8:41  Stalker  
  91  8:45  Probe  
  80  9:31  Adept x6  
Show
View Real Time Build Order
Export as new Build Order

capac Terran 

Build Orders:  

Get SALT Encoding   

  12  0:01  SCV  
  13  0:13  SCV  
  14  0:18  Supply Depot  
  14  0:27  SCV  
  15  0:40  SCV  
  15  0:42  Barracks  
  16  0:46  Refinery  
  16  0:55  SCV  
  17  1:07  SCV  
  17  1:09  Supply Depot  
  18  1:19  SCV  
  19  1:30  Marine  
  20  1:37  Orbital Command  
  20  1:56  Marine  
  21  2:02  Refinery, Factory  
  21  2:11  SCV  
  22  2:22  Command Center  
  22  2:23  SCV  
  23  2:32  Marine  
  23  2:36  SCV  
  25  2:49  Factory Tech Lab  
  25  2:50  Marine  
  26  2:52  Starport  
  26  2:55  Bunker  
  26  2:57  SCV  
  27  3:11  SCV  
  28  3:13  Siege Tank  
  31  3:28  Marine  
  31  3:31  Supply Depot  
  31  3:34  Medivac  
  33  3:38  SCV  
  33  3:39  Orbital Command  
  26  4:02  Engineering Bay  
  23  4:15  SCV  
  24  4:22  Viking  
  26  4:26  Marine  
  26  4:27  SCV  
  28  4:32  SCV  
  29  4:39  SCV  
  30  4:49  Supply Depot  
  30  4:51  SCV  
  30  4:52  SCV  
  32  5:05  Starport Reactor  
  32  5:06  Siege Tank  
  35  5:07  Marine  
  32  5:22  Missile Turret  
  32  5:27  Marine  
  33  5:33  Barracks  
  33  5:39  SCV  
  34  6:00  Missile Turret  
  34  6:07  Barracks Tech Lab  
  34  6:09  SCV x2  
  36  6:15  Liberator  
  36  6:16  Liberator  
  36  6:22  Barracks Reactor  
  36  6:23  Barracks  
  36  6:36  SCV  
  43  6:59  Supply Depot  
  43  7:00  Marine x2  
  45  7:04  SCV x2  
  47  7:10  Siege Tank  
  47  7:13  Barracks Reactor  
  50  7:33  SCV x2  
  50  7:36  Marine x3, Missile Turret  
  45  8:17  Marine x3  
  48  8:22  Orbital Command  
  48  8:49  Supply Depot  
  48  8:52  Supply Depot  
  47  9:10  Marine x2  
  47  9:12  Marine  
  47  9:26  Marine  
  47  9:27  Marine  
  47  9:28  Marine  
Tags
 
Add a new tag
Caveats
  • Supply blocks, unpowered buildings, or Contaminate may cause inaccurate times.
  • Supply counts are checked every 10 seconds.